IL
OMAHA STORM CHASERS @ ROCHESTER RED WINGS
05/13/2048
 
TOP OF THE 1ST
Omaha Storm Chasers batting - Pitching for Rochester Red Wings : LHP Brian Walters
Pitching: LHP Brian Walters
Batting: RHB Walt Cogswell 0-0: Called Strike
0-1: Swinging Strike
0-2: Fly out, F8 (Flyball, 8RXD, EV 94.4 MPH)
Batting: RHB Taisei Fujii 0-0: Called Strike
0-1: Ball
1-1: Foul Ball, location: 2F
1-2: Ball
2-2: Strikes out swinging
Batting: LHB Jim Pankratz 0-0: Ball
1-0: Ball
2-0: Fly out, F8 (Flyball, 8RD, EV 83.8 MPH)
Top of the 1st over - 0 runs, 0 hits, 0 errors, 0 left on base; Omaha 0 - Rochester 0
BOTTOM OF THE 1ST
Rochester Red Wings batting - Pitching for Omaha Storm Chasers : RHP Kevin Fleming
Pitching: RHP Kevin Fleming
Batting: SHB Manny Molina 0-0: Ball
1-0: SINGLE (Groundball, 4MD, EV 106.9 MPH)
Batting: SHB Ian Thompson 0-0: Ball
Manny Molina steals 2nd, throwing error, E2
Manny Molina to third
1-0: Ball
Wild Pitch!
Manny Molina scores
2-0: Called Strike
2-1: Ball
3-1: Foul Ball, location: 2F
3-2: Foul Ball, location: 2F
3-2: Base on Balls
Batting: SHB Dan Morataya 0-0: Called Strike
0-1: Swinging Strike
0-2: Foul Ball, location: 2F
0-2: Ball
1-2: Foul Ball, location: 2F
1-2: Foul Ball, location: 2F
1-2: Ball
2-2: Foul Ball, location: 2F
2-2: Foul Ball, location: 2F
2-2: Fielders Choice at 2nd, 1-6 (Groundball, 13S, EV 72.5 MPH)
Pitching: LHP Keith Egan
Batting: LHB Chris Munguia 0-0: Ball
1-0: Ball
2-0: Called Strike
2-1: Foul Ball, location: 2F
2-2: Fly out, F9 (Flyball, 9LS, EV 95.6 MPH)
Batting: RHB Manuel Juarez 0-0: Called Strike
0-1: Ball
Dan Morataya is caught stealing 2nd base 2-4
Bottom of the 1st over - 1 run, 1 hit, 1 error, 0 left on base; Omaha 0 - Rochester 1
TOP OF THE 2ND
Omaha Storm Chasers batting - Pitching for Rochester Red Wings : LHP Brian Walters
Batting: RHB Ken Postlethwaite 0-0: SINGLE (Groundball, 34D, EV 108.1 MPH)
Batting: RHB Danny Weisse 0-0: Called Strike
0-1: Called Strike
0-2: Ball
1-2: Ball
2-2: Ball
3-2: Base on Balls
Ken Postlethwaite to second
Batting: SHB Francisco Gutierrez 0-0: Ball
1-0: Ball
2-0: Called Strike
2-1: Foul Ball, location: 2F
2-2: Ball
3-2: Foul Ball, location: 2F
3-2: SINGLE (Groundball, 56, EV 106.2 MPH)
Ken Postlethwaite to third
Danny Weisse to second
Batting: LHB Danny Bailey 0-0: SINGLE (Flyball, 89S, EV 96.2 MPH)
Ken Postlethwaite scores
Danny Weisse to third
Francisco Gutierrez to second
Batting: RHB Yuichi Takata 0-0: Ball
1-0: Called Strike
1-1: Fly out, F7 (Flyball, 78D, EV 88.8 MPH)
Runner from 3rd tags up, OUT at HOME! 7-2
Francisco Gutierrez to third
Danny Bailey to second
Batting: RHB Jason Birge 0-0: Ball
1-0: Called Strike
1-1: Called Strike
1-2: Strikes out swinging, 2-3 out at first.
Top of the 2nd over - 1 run, 3 hits, 0 errors, 2 left on base; Omaha 1 - Rochester 1
BOTTOM OF THE 2ND
Rochester Red Wings batting - Pitching for Omaha Storm Chasers : LHP Keith Egan
Batting: RHB Manuel Juarez 0-0: Swinging Strike
0-1: Swinging Strike
0-2: Ball
1-2: SINGLE (Line Drive, 7LS, EV 105.0 MPH)
Batting: RHB Ryan Gautney 0-0: Ball
1-0: Ball
Manuel Juarez is caught stealing 2nd base 2-4
2-0: SINGLE (Groundball, 5D, EV 93.8 MPH)
Batting: RHB Mike Craver 0-0: Ball
1-0: Grounds into double play, 5-4-3 (Groundball, 5S, EV 82.5 MPH)
Bottom of the 2nd over - 0 runs, 2 hits, 0 errors, 0 left on base; Omaha 1 - Rochester 1
TOP OF THE 3RD
Omaha Storm Chasers batting - Pitching for Rochester Red Wings : LHP Brian Walters
Batting: RHB Walt Cogswell 0-0: Called Strike
0-1: Swinging Strike
0-2: Strikes out swinging
Batting: RHB Taisei Fujii 0-0: Ball
1-0: Called Strike
1-1: Fly out, F3 (Popup, 3D, EV 53.1 MPH)
Batting: LHB Jim Pankratz 0-0: Ball
1-0: Ball
2-0: Swinging Strike
2-1: SINGLE (Flyball, 8LS, EV 96.9 MPH)
Batting: RHB Ken Postlethwaite 0-0: Ball
1-0: Called Strike
1-1: Ball
2-1: Foul Ball, location: 2F
2-2: Foul Ball, location: 2F
2-2: Strikes out swinging
Top of the 3rd over - 0 runs, 1 hit, 0 errors, 1 left on base; Omaha 1 - Rochester 1
BOTTOM OF THE 3RD
Rochester Red Wings batting - Pitching for Omaha Storm Chasers : LHP Keith Egan
Batting: RHB Juan Espinoza 0-0: Ball
1-0: Ball
2-0: Called Strike
2-1: Ball
3-1: Fly out, F2 (Popup, 2RF, EV 91.9 MPH)
Batting: RHB Jeremy Witt 0-0: Called Strike
0-1: Foul Ball, location: 2F
0-2: Foul Ball, location: 2F
0-2: SINGLE (Groundball, 6S, EV 73.1 MPH) (infield hit)
Batting: SHB Manny Molina 0-0: Called Strike
0-1: SINGLE (Line Drive, 7S, EV 90.6 MPH)
Jeremy Witt to second
Batting: SHB Ian Thompson 0-0: Ball
1-0: Ball
2-0: Called Strike
2-1: Foul Ball, location: 2F
2-2: Fly out, F3 (Popup, 3, EV 68.8 MPH)
Batting: SHB Dan Morataya 0-0: Ball
1-0: Foul Ball, location: 2F
1-1: Foul Ball, location: 2F
1-2: Foul Ball, location: 2F
1-2: Foul Ball, location: 2F
1-2: Foul Ball, location: 2F
1-2: Foul Ball, location: 2F
1-2: Strikes out swinging
Bottom of the 3rd over - 0 runs, 2 hits, 0 errors, 2 left on base; Omaha 1 - Rochester 1
TOP OF THE 4TH
Omaha Storm Chasers batting - Pitching for Rochester Red Wings : LHP Brian Walters
Batting: RHB Danny Weisse 0-0: Ball
1-0: SINGLE (Groundball, 4D, EV 99.4 MPH)
Batting: SHB Francisco Gutierrez 0-0: Called Strike
0-1: Fly out, F4 (Line Drive, 4M, EV 67.5 MPH)
Batting: LHB Danny Bailey 0-0: Called Strike
0-1: Fly out, F8 (Flyball, 8RM, EV 90.0 MPH)
Batting: RHB Yuichi Takata 0-0: Called Strike
0-1: Fly out, F8 (Flyball, 78M, EV 87.5 MPH)
Top of the 4th over - 0 runs, 1 hit, 0 errors, 1 left on base; Omaha 1 - Rochester 1
BOTTOM OF THE 4TH
Rochester Red Wings batting - Pitching for Omaha Storm Chasers : LHP Keith Egan
Batting: LHB Chris Munguia 0-0: Ball
1-0: Foul Ball, location: 2F
1-1: Swinging Strike
1-2: Ball
2-2: Foul Ball, location: 2F
2-2: Foul Ball, location: 2F
2-2: Strikes out swinging
Batting: RHB Manuel Juarez 0-0: Ball
1-0: Called Strike
1-1: Ball
2-1: Swinging Strike
2-2: Ball
3-2: Foul Ball, location: 2F
3-2: Foul Ball, location: 2F
3-2: Base on Balls
Pitching: LHP Francisco de la Torre
Batting: RHB Ryan Gautney 0-0: Called Strike
Manuel Juarez steals 2nd base
0-1: Ball
1-1: Swinging Strike
1-2: Strikes out swinging
Batting: RHB Mike Craver 0-0: Called Strike
0-1: Called Strike
0-2: Ball
1-2: Strikes out swinging
Bottom of the 4th over - 0 runs, 0 hits, 0 errors, 1 left on base; Omaha 1 - Rochester 1
TOP OF THE 5TH
Omaha Storm Chasers batting - Pitching for Rochester Red Wings : LHP Brian Walters
Batting: RHB Jason Birge 0-0: Ball
1-0: Ball
2-0: Fly out, F3 (Popup, 3F, EV 65.0 MPH)
Batting: RHB Walt Cogswell 0-0: Ball
1-0: Ball
2-0: Foul Ball, location: 2F
2-1: Ball
3-1: Foul Ball, location: 2F
3-2: Foul Ball, location: 2F
3-2: Ground out 6-3 (Groundball, 6M, EV 81.2 MPH)
Batting: RHB Taisei Fujii 0-0: Ball
1-0: Foul Ball, location: 2F
1-1: Ball
2-1: SINGLE (Line Drive, 9LS, EV 90.0 MPH)
Batting: LHB Jim Pankratz 0-0: Ball
1-0: Swinging Strike
1-1: Foul Ball, location: 2F
1-2: Strikes out swinging
Top of the 5th over - 0 runs, 1 hit, 0 errors, 1 left on base; Omaha 1 - Rochester 1
BOTTOM OF THE 5TH
Rochester Red Wings batting - Pitching for Omaha Storm Chasers : LHP Francisco de la Torre
Batting: RHB Juan Espinoza 0-0: Ball
1-0: Ball
2-0: Ball
3-0: Base on Balls
Batting: RHB Jeremy Witt 0-0: Called Strike
Juan Espinoza steals 2nd base (no throw)
0-1: Ball
1-1: Foul Ball, location: 2F
1-2: Foul Ball, location: 2F
1-2: Strikes out swinging
Batting: SHB Manny Molina 0-0: Ball
1-0: Swinging Strike
1-1: Called Strike
1-2: Ball
2-2: Strikes out swinging
Batting: SHB Ian Thompson 0-0: Ball
1-0: Ball
2-0: Ball
3-0: Base on Balls
Batting: SHB Dan Morataya 0-0: Called Strike
0-1: Ball
1-1: Fly out, F9 (Flyball, 89XD, EV 93.8 MPH)
Bottom of the 5th over - 0 runs, 0 hits, 0 errors, 2 left on base; Omaha 1 - Rochester 1
TOP OF THE 6TH
Omaha Storm Chasers batting - Pitching for Rochester Red Wings : LHP Brian Walters
Batting: RHB Ken Postlethwaite 0-0: Ball
1-0: Ground out 6-3 (Groundball, 56, EV 108.1 MPH)
Batting: RHB Danny Weisse 0-0: Ball
1-0: Called Strike
1-1: SINGLE (Line Drive, 5D, EV 108.8 MPH)
Batting: SHB Francisco Gutierrez 0-0: Ball
1-0: Ball
2-0: Called Strike
2-1: Swinging Strike
2-2: Ball
3-2: Strikes out swinging
Danny Weisse steals 2nd base (no throw)
Batter strikes out.
Batting: LHB Danny Bailey 0-0: 2-RUN HOME RUN (Flyball, 89XD, EV 101.9 MPH), Distance : 396 ft
Batting: RHB Yuichi Takata 0-0: Ball
1-0: Ball
2-0: TRIPLE (Line Drive, 7LD, EV 103.8 MPH)
Batting: RHB Jason Birge 0-0: Ground out 5-3 (Groundball, 56, EV 103.8 MPH)
Top of the 6th over - 2 runs, 3 hits, 0 errors, 1 left on base; Omaha 3 - Rochester 1
BOTTOM OF THE 6TH
Rochester Red Wings batting - Pitching for Omaha Storm Chasers : LHP Francisco de la Torre
Batting: LHB Chris Munguia 0-0: Ground out U3 (Groundball, 3L, EV 87.5 MPH)
Batting: RHB Manuel Juarez 0-0: Called Strike
0-1: Called Strike
0-2: Ball
1-2: Foul Ball, location: 2F
1-2: Ball
2-2: Strikes out looking
Batting: RHB Ryan Gautney 0-0: Ball
1-0: SINGLE (Line Drive, 8RS, EV 99.4 MPH)
Pitching: RHP Jake Gregor
Batting: RHB Mike Craver 0-0: Ball
1-0: Ball
2-0: Swinging Strike
2-1: Foul Ball, location: 2F
2-2: Foul Ball, location: 2F
2-2: Ball
3-2: Base on Balls
Ryan Gautney to second
Batting: RHB Juan Espinoza 0-0: Ball
1-0: Ball
2-0: Called Strike
2-1: Swinging Strike
2-2: Ground out 4-3 (Groundball, 34, EV 98.8 MPH)
Bottom of the 6th over - 0 runs, 1 hit, 0 errors, 2 left on base; Omaha 3 - Rochester 1
TOP OF THE 7TH
Omaha Storm Chasers batting - Pitching for Rochester Red Wings : LHP Brian Walters
Batting: RHB Walt Cogswell 0-0: Called Strike
0-1: Swinging Strike
0-2: Fly out, F9 (Flyball, 9S, EV 91.9 MPH)
Batting: RHB Taisei Fujii 0-0: Foul Ball, location: 2F
0-1: Foul Ball, location: 2F
0-2: SOLO HOME RUN (Flyball, 7LD, EV 96.2 MPH), Distance : 364 ft
Batting: LHB Jim Pankratz 0-0: Ball
1-0: Foul Ball, location: 2F
1-1: Ball
2-1: Swinging Strike
2-2: Ground out 4-3 (Groundball, 4, EV 79.4 MPH)
Batting: RHB Ken Postlethwaite 0-0: Foul Ball, location: 2F
0-1: Ball
1-1: Swinging Strike
1-2: Strikes out swinging
Top of the 7th over - 1 run, 1 hit, 0 errors, 0 left on base; Omaha 4 - Rochester 1
BOTTOM OF THE 7TH
Rochester Red Wings batting - Pitching for Omaha Storm Chasers : RHP Jake Gregor
Batting: RHB Jeremy Witt 0-0: Foul Ball, location: 2F
0-1: Foul Ball, location: 2F
0-2: Strikes out swinging
Batting: SHB Manny Molina 0-0: Ball
1-0: Called Strike
1-1: Called Strike
1-2: Foul Ball, location: 2F
1-2: Strikes out looking
Batting: SHB Ian Thompson 0-0: Ball
1-0: Ground out 4-3 (Groundball, 4D, EV 110.0 MPH)
Bottom of the 7th over - 0 runs, 0 hits, 0 errors, 0 left on base; Omaha 4 - Rochester 1
TOP OF THE 8TH
Omaha Storm Chasers batting - Pitching for Rochester Red Wings : LHP Brian Walters
Pitching: RHP Alex Rushton
Batting: RHB Danny Weisse 0-0: Ground out 5-3 (Groundball, 56D, EV 77.5 MPH)
Batting: SHB Francisco Gutierrez 0-0: Ball
1-0: Ground out 2-3 (Groundball, 15S, EV 75.0 MPH)
Batting: LHB Danny Bailey 0-0: Fly out, F7 (Flyball, 78S, EV 77.5 MPH)
Top of the 8th over - 0 runs, 0 hits, 0 errors, 0 left on base; Omaha 4 - Rochester 1
BOTTOM OF THE 8TH
Rochester Red Wings batting - Pitching for Omaha Storm Chasers : RHP Jake Gregor
Pitching: RHP Terry Romaine
Batting: SHB Dan Morataya 0-0: Foul Ball, location: 2F
0-1: Fly out, F8 (Flyball, 8RS, EV 88.1 MPH)
Batting: LHB Chris Munguia 0-0: Called Strike
0-1: Ball
1-1: Ball
2-1: Ball
3-1: Called Strike
3-2: Fly out, F8 (Flyball, 8RXD, EV 108.8 MPH)
Batting: RHB Manuel Juarez 0-0: Swinging Strike
0-1: Ball
1-1: Ball
2-1: Fly out, F7 (Flyball, 78M, EV 83.1 MPH)
Bottom of the 8th over - 0 runs, 0 hits, 0 errors, 0 left on base; Omaha 4 - Rochester 1
TOP OF THE 9TH
Omaha Storm Chasers batting - Pitching for Rochester Red Wings : RHP Alex Rushton
Batting: RHB Yuichi Takata 0-0: Foul Ball, location: 2F
0-1: Foul Ball, location: 2F
0-2: Ball
1-2: Ground out U3 (Groundball, 3, EV 80.6 MPH)
Batting: RHB Jason Birge 0-0: Called Strike
0-1: Foul Ball, location: 2F
0-2: Ball
1-2: Strikes out swinging
Batting: RHB Walt Cogswell 0-0: Ball
1-0: Ball
2-0: Foul Ball, location: 2F
2-1: Ball
3-1: Base on Balls
Batting: RHB Taisei Fujii 0-0: Called Strike
0-1: Called Strike
0-2: Ball
1-2: Ball
2-2: Ball
3-2: Fly out, F7 (Line Drive, 78D, EV 88.1 MPH)
Top of the 9th over - 0 runs, 0 hits, 0 errors, 1 left on base; Omaha 4 - Rochester 1
BOTTOM OF THE 9TH
Rochester Red Wings batting - Pitching for Omaha Storm Chasers : RHP Terry Romaine
Batting: RHB Ryan Gautney 0-0: Ball
1-0: SOLO HOME RUN (Flyball, 78XD, EV 114.4 MPH), Distance : 432 ft
Pinch Hitting: LHB Chaim Huting 0-0: Called Strike
0-1: Foul Ball, location: 2F
0-2: Ball
1-2: Strikes out swinging
Pinch Hitting: LHB Jayden Thomas 0-0: Called Strike
0-1: SINGLE (Groundball, 34D, EV 102.5 MPH)
Batting: RHB Jeremy Witt 0-0: Ball
1-0: Fielders Choice at 2nd, 5-4 (Groundball, 56S, EV 80.6 MPH)
Batting: SHB Manny Molina 0-0: Ball
1-0: Ball
2-0: Ground out 6-3 (Groundball, 6S, EV 83.1 MPH)
Bottom of the 9th over - 1 run, 2 hits, 0 errors, 1 left on base; Omaha 4 - Rochester 2
Tuesday, March 28th , 2023 - OOTP Baseball 23.10 Build 110